AoeStats
← feely

Arena

506388902Analyzed
4v4 RM · 19d ago on Sep 13, 2026· 45m 54s· 8 players
Game mode
Random Map
Map size
Large (8 player)
Population
200
Speed
Normal
Resources
Standard
Victory
Conquest
Starting age
Dark Age
Ending age
Imperial Age
RankedLock teamsTeams togetherTeam positionsShared explorationLock speedFull tech treeHidden civsTurbo modeCheats
Victory
Defeat
🇹🇼 Cumans · Taiwan
1314
+13
🇦🇺 Huns · Australia
1271
+15
🇨🇳 Jurchens · China
1259
+16
🇨🇳 Spanish · China
1255
+16
🇦🇺 Persians · Australia
1314
-17
🇮🇹 Italians · Italy
1310
-17
🇫🇷 Teutons · France
1202
-13
🇦🇷 Vikings · Argentina
1195
-13
商鞅知马力比干见人心
11:06 Feudal Age
15:01 Castle Age
12:54 Double-Bit Axe
13:33 Horse Collar
16:29 Wheelbarrow
16:22 Bow Saw
20:22 Stone Mining
20:58 Gold Mining
23:57 Hand Cart
26:31 Forging
26:28 Scale Barding Armor
26:12 Loom
26:46 Husbandry
26:59 Bloodlines
26:39 Town Watch
29:40 Imperial Age
27:14 Marauders
28:10 Heavy Plow
29:03 Iron Casting
28:49 Chain Barding Armor
30:51 Conscription
29:52 Elite Tarkan
30:55 Conscription
31:41 Blast Furnace
31:36 Plate Barding Armor
46:16 Gold Shaft Mining
feely
8:36 Feudal Age
7:49 Loom
9:11 Double-Bit Axe
10:06 Horse Collar
19:33 Castle Age
18:42 Wheelbarrow
18:33 Gold Mining
19:09 Stone Mining
19:27 Scale Barding Armor
20:36 Bloodlines
21:06 Chain Barding Armor
21:41 Town Watch
25:52 Capped Ram
31:40 Imperial Age
29:59 Hand Cart
30:05 Bow Saw
31:29 Gold Shaft Mining
31:49 Cavalier
33:05 Plate Barding Armor
34:19 Conscription
34:43 Onager
34:59 Paladin
38:20 Forging
40:09 Masonry
41:21 Two-Man Saw
42:41 Iron Casting
42:46 Light Cavalry
43:03 Siege Onager
隔壁王老爷
7:53 Loom
10:08 Feudal Age
13:53 Castle Age
12:32 Double-Bit Axe
15:33 Bow Saw
17:33 Gold Mining
26:24 Horse Collar
29:38 Scale Mail Armor
29:49 Forging
30:46 Gold Shaft Mining
30:14 Pikeman
30:55 Squires
34:54 Imperial Age
39:40 Imperial Age
40:03 Chain Mail Armor
40:25 Iron Casting
41:23 Wheelbarrow
40:48 Stone Mining
45:40 Two-Man Saw
YUZ
11:09 Feudal Age
15:05 Castle Age
13:13 Gold Mining
13:41 Double-Bit Axe
33:01 Imperial Age
31:44 Scale Barding Armor
33:13 Wheelbarrow
37:19 Chemistry
36:39 Ballistics
36:47 Bow Saw
41:44 Elite Conquistador
43:23 Conscription
MrBigPotato
10:44 Feudal Age
15:14 Castle Age
29:35 Double-Bit Axe
32:17 Horse Collar
41:54 Stone Mining
Jac
0:26 Loom
10:34 Feudal Age
14:42 Castle Age
12:44 Horse Collar
13:09 Double-Bit Axe
14:27 Gold Mining
24:00 Fletching
27:43 Imperial Age
25:42 Bodkin Arrow
26:13 Padded Archer Armor
28:03 Leather Archer Armor
28:13 Ballistics
29:39 Bracer
30:09 Ring Archer Armor
31:24 Chemistry
31:01 Murder Holes
33:09 Heavy Plow
33:25 Elite Genoese Crossbowman
36:30 Scale Mail Armor
36:41 Forging
37:27 Conscription
38:36 Chain Mail Armor
38:56 Iron Casting
40:00 Plate Mail Armor
40:21 Arson
40:36 Squires
41:52 Blast Furnace
41:43 Treadmill Crane
42:14 Masonry
fxstriker
10:38 Feudal Age
11:59 Loom
14:22 Castle Age
12:26 Double-Bit Axe
12:59 Horse Collar
14:15 Wheelbarrow
21:50 Gold Mining
22:16 Bow Saw
22:15 Heavy Plow
23:13 Bloodlines
23:03 Husbandry
23:42 Husbandry
23:49 Scale Barding Armor
23:54 Forging
27:13 Imperial Age
24:30 Loom
26:53 Forging
27:04 Chain Barding Armor
27:12 Cavalier
28:28 Iron Casting
28:58 Hand Cart
29:22 Gold Shaft Mining
29:38 Plate Barding Armor
30:59 Blast Furnace
31:15 Savar
LimAstora2434
9:42 Feudal Age
14:28 Castle Age
13:00 Double-Bit Axe
13:30 Town Watch
13:52 Horse Collar
15:20 Loom
21:05 Padded Archer Armor
34:40 Imperial Age
32:40 Bow Saw
32:42 Heavy Plow
32:41 Stone Mining
33:45 Pikeman
34:25 Squires
35:06 Scale Mail Armor
35:32 Arson
36:59 Chain Mail Armor
38:09 Forging
Connection lost

Rejoining the realm…

Still unreachable

The connection could not be restored.

Session expired

The server has moved on; the page needs a fresh start.